 Dungeon Crawl Stone Soup version 0.30-a0-1018-g25214051b3 (webtiles) character file.

Game seed: 17651919010148896814

57 bmack86 the Covered (level 3, -10/33 HPs)
             Began as a Minotaur Fighter on Apr 7, 2023.
             Killed by divine providence
             ... invoked by an orc priest
              (13 damage)
             ... on level 2 of the Dungeon.
             The game lasted 00:02:21 (986 turns).

bmack86 the Covered (Minotaur Fighter)               Turns: 986, Time: 00:02:22

Health: -10/33     AC:  7    Str: 22    XL:     3   Next: 73%
Magic:  2/2        EV:  9    Int:  5    God:
Gold:   52         SH:  5    Dex:  9    Spells: 2/2 levels left

rFire   . . .      SeeInvis .    a - +0 war axe
rCold   . . .      Faith    .    c - +1 buckler
rNeg    . . .      Spirit   .    b - +0 scale mail
rPois   .          Reflect  .    (helmet restricted)
rElec   .          Rampage  .    (no cloak)
rCorr   .                        (no gloves)
Will    .....                    (no boots) Stlth
                                 (no amulet)
HPRegen 0.25/turn                (no ring)
MPRegen 0.08/turn                (no ring)

@: no status effects
A: horns 2, retaliatory headbutt
a: no special abilities


You were on level 2 of the Dungeon.
You visited 1 branch of the dungeon, and saw 2 of its levels.

You collected 52 gold pieces.

Inventory:

Hand Weapons
 a - a +0 war axe (weapon)
Missiles
 f - 5 poisoned darts
 k - 3 boomerangs (quivered)
Armour
 b - a +0 scale mail (worn)
 c - a +1 buckler (worn)
Scrolls
 e - a scroll of noise {unknown}
 g - a scroll of enchant armour
 h - a scroll of identify
 j - a scroll of teleportation {unknown}
 l - a scroll of immolation {unknown}
Potions
 d - a potion of might
 i - 2 potions of attraction


   Skills:
 + Level 4.0 Fighting
 * Level 3.5 Axes
 + Level 1.0 Throwing
 + Level 4.1 Armour
 + Level 4.0 Shields


You had 2 spell levels left.
You didn't know any spells.
Your spell library was empty.

Dungeon Overview and Level Annotations

Branches:
Dungeon (2/15)

Altars:


Innate Abilities, Weirdness & Mutations

You have a pair of horns on your head.
You reflexively headbutt those who attack you in melee.


Message History

The orc priest hits you but does no damage. x2
The orc hits you with a +0 club.
* * * LOW HITPOINT WARNING * * *
The orc closely misses you. The orc hits you but does no damage.
The orc priest calls upon Beogh to heal the orc priest.
The orc priest's wounds heal themselves!
You block the orc's attack.
The orc priest hits you but does no damage.
The bat moves out of view.
You slash the orc priest!
You kill the orc priest!
You hit the orc. You hit the orc priest. You barely miss the orc.
The orc priest closely misses you. The orc hits you but does no damage.
The orc hits you with a +0 dagger.
* * * LOW HITPOINT WARNING * * *
Your Fighting skill increases to level 4!
Your Throwing skill increases to level 1!
Your Armour skill increases to level 4!
Your Shields skill increases to level 4!
You have reached level 3!
Your experience leads to an increase in your attributes!
Increase (S)trength, (I)ntelligence, or (D)exterity?
You feel stronger. x2
You barely miss the orc priest.
The orc priest is lightly wounded.
You hit the orc. You closely miss the orc. You block the orc priest's attack.
The orc completely misses you. The orc hits you but does no damage.
Unknown command.
You barely miss the orc priest. You headbutt the orc priest!
The orc priest is almost dead.
You barely miss the orc. You closely miss the orc. The bat closely misses you.
You furiously retaliate!
You headbutt the bat.
You kill the bat!
The orc priest calls upon Beogh to heal the orc.
The orc's wounds heal themselves!
You block the orc's attack. The orc hits you but does no damage.
The orc closely misses you. The orc hits you but does no damage.
The orc priest mumbles some strange prayers to Beogh against you.
Beogh smites you!
You die...

#. .# ###.#.#######
..>......#..
#..........#
#..........#
#..........#
#...o......#
#..@)......#
##..oo......#
.##.###...........#
.......<.#..##.....
.##............?#..
#.......#....>....
...................
....##..##.###### B
.... #..##.#


You could see an orc priest and 2 orcs.

Vanquished Creatures
  An orc priest (D:2)
  A dart slug (D:1)
  An orc (D:2)
  4 ball pythons (D:1)
  2 endoplasms (D:1)
  A giant cockroach (D:2)
  4 goblins (D:1)
  A quokka (D:1)
  3 bats
  A frilled lizard (D:2)
  A kobold (D:1)
  4 rats (D:1)
24 creatures vanquished.

Notes
Turn   | Place    | Note
-------+----------+-------------------------------------------
     0 | D:1      | bmack86 the Minotaur Fighter began the quest for the Orb.
     0 | D:1      | Reached XP level 1. HP: 19/19 MP: 0/0
   190 | D:1      | Reached XP level 2. HP: 26/27 MP: 1/1
   246 | D:1      | Found a faded altar of an unknown god.
   985 | D:2      | Reached skill level 1 in Throwing
   985 | D:2      | Reached XP level 3. HP: 3/33 MP: 2/2
   986 | D:2      | Killed from afar by an orc priest

Illustrated notes

Levels and vault maps discovered:
D:1:      nzn_arrival_water_spiral, layout_loops_corners,
          hellmonk_ecumenical_altar_crossroads
D:2:      layout_loops_ring

Skill      XL: |  1  2 |
---------------+-------+-----
Axes           | 3 |  3.5
Fighting       | 4 |  4.0
Throwing       | 1 |  1.0
Armour         | 4 |  4.1
Shields        | 4 |  4.0

Action                     || total
---------------------------++-------
  Melee: War axe           ||    43
         Headbutt          ||     8
  Throw: Dart              ||     3
    Use: Scroll            ||     2
 Armour: Scale mail        ||    27
  Dodge: Dodged            ||    24
  Block: Buckler           ||    14

Table legend: (Time is in decaauts)
 A = Elapsed time spent in this place.
 B = Non-inter-level travel time spent in this place.
 C = Inter-level travel time spent in this place.
 D = Time resting spent in this place.
 E = Time spent auto-exploring this place.
 F = Levels seen in this place.
 G = Mean time per level.
                   A        B        C        D        E       F      G
               +--------+--------+--------+--------+--------+-----+--------+
         Total |   1007 |    998 |      9 |      0 |    767 |   2 |  503.5 |
       Dungeon |   1007 |    998 |      9 |      0 |    767 |   2 |  503.5 |
               +--------+--------+--------+--------+--------+-----+--------+

Top non-repeatable levels by time:
     D:1: 987 daAuts
     D:2: 20 daAuts
